[Event "Titled Tuesday Blitz May 03 Late 2022"]
[White "Narayanan.S.L"]
[Black "Dounis, Alexandros"]
[WhiteFideId "5058422"]
[BlackFideId "4213238"]
[WhiteElo "2494"]
[BlackElo "2204"]
[Result "1-0"]
[Round "01"]
[TimeControl "180+1"]
[Date "2022.05.03"]
[WhiteClock "0:01:32"]
[BlackClock "0:00:06"]

1. d4 Nf6 2. Bf4 g6 3. Nc3 d5 4. h4 Bg7 5. h5 Nxh5 6. Rxh5 gxh5 7. e3 Bg4 8. Be2 Qd7 9. Nf3 Nc6 10. Nb5 Rc8 11. c4 e6 12. Ng5 a6 13. Nc3 h6 14. Nf3 O-O 15. Ne5 Nxe5 16. dxe5 Bxe2 17. Qxe2 dxc4 18. Qxh5 Rfd8 19. Ne4 Qd3 20. f3 Rd5 21. Bxh6 Kf8 22. Bxg7+ Kxg7 23. Qg5+ Kf8 24. Kf2 Qc2+ 25. Kg3 Qxb2 26. Rh1 Qxe5+ 27. Qxe5 Rxe5 28. Rh8+ Ke7 29. Rxc8 f5 30. Rxc7+ Kd8 31. Rxc4 fxe4 32. f4 Ra5 33. Rxe4 Rxa2 34. Rxe6 Kd7 35. f5 b5 36. Kf3 b4 37. Rb6 a5 38. g4 Ra1 39. g5 Rf1+ 40. Ke4 Ke7 41. g6 Rf2 42. Ke5 Re2 43. f6+ Kd7 44. e4 Rf2 45. g7 Rg2 46. f7 Rxg7 47. f8=Q 1-0


[Site "https://www.chess.com"]

[Event "Titled Tuesday Blitz May 03 Late 2022"]
[White "Papasimakopoulos, Alexandros"]
[Black "Mortazavi, Ali"]
[WhiteFideId "4244125"]
[BlackFideId "401323"]
[WhiteElo "2340"]
[BlackElo "2339"]
[Result "1-0"]
[Round "01"]
[TimeControl "180+1"]
[Date "2022.05.03"]
[WhiteClock "0:01:48"]
[BlackClock "0:00:38"]

1. d4 Nf6 2. c4 g6 3. Nc3 Bg7 4. e4 O-O 5. f3 d6 6. Nge2 a6 7. Be3 Nc6 8. Rc1 Rb8 9. Qd2 b5 10. cxb5 axb5 11. Nxb5 Bd7 12. Nec3 Nb4 13. a3 c6 14. Nxd6 exd6 15. axb4 Rxb4 16. Be2 Qb8 17. Nd1 Nh5 18. O-O f5 19. Rc2 fxe4 20. fxe4 Rxf1+ 21. Kxf1 Nf6 22. Nf2 Ra4 23. g3 h5 24. Kg2 Ra1 25. Rc1 Ra2 26. Bc4+ d5 27. Bxa2 Kh7 28. exd5 cxd5 29. Bf4 Qf8 30. Be5 h4 31. gxh4 Nh5 32. Rc7 Qf5 33. Bb1 Qe6 34. Qg5 Kg8 35. Bxg6 1-0


[Site "https://www.chess.com"]

[Event "Titled Tuesday Blitz May 03 Late 2022"]
[White "Paravyan, David"]
[Black "Chen, Justin"]
[WhiteFideId "4194985"]
[BlackFideId "2098199"]
[WhiteElo "2569"]
[BlackElo "2499"]
[Result "1-0"]
[Round "01"]
[TimeControl "180+1"]
[Date "2022.05.03"]
[WhiteClock "0:02:39"]
[BlackClock "0:01:38"]

1. e4 e6 2. d4 d5 3. Nc3 dxe4 4. Nxe4 Nd7 5. Nf3 Ngf6 6. Bg5 Be7 7. Nxf6+ Bxf6 8. Bxf6 Qxf6 9. Qd2 b6 10. Bb5 O-O 11. O-O-O a6 12. Bc6 Rb8 13. h4 Bb7 14. Bxd7 b5 15. Ne5 c5 16. Bc6 1-0


[Site "https://www.chess.com"]

[Event "Titled Tuesday Blitz May 03 Late 2022"]
[White "Pinheiro, Iung Alicio de O."]
[Black "Kollars, Dmitrij"]
[WhiteFideId "2104350"]
[BlackFideId "12909572"]
[WhiteElo "2512"]
[BlackElo "2584"]
[Result "0-1"]
[Round "01"]
[TimeControl "180+1"]
[Date "2022.05.03"]
[WhiteClock "0:00:02"]
[BlackClock "0:00:18"]

1. c4 e6 2. g3 d5 3. Bg2 Nf6 4. Nf3 d4 5. b4 a5 6. b5 c5 7. bxc6 Nxc6 8. O-O Bc5 9. Ba3 Nd7 10. d3 O-O 11. Nfd2 Qe7 12. Bxc5 Nxc5 13. Ne4 Na6 14. Qc1 Bd7 15. Na3 f5 16. Ng5 Nc5 17. Nb5 h6 18. Nf3 e5 19. Nh4 Kh7 20. Nc7 Rac8 21. Nd5 Qd6 22. Rb1 Be6 23. g4 fxg4 24. Rb5 g5 25. Rxc5 Qxc5 26. Be4+ Kg7 27. Ng6 Rf5 28. f3 gxf3 29. Rxf3 Rxf3 30. exf3 Bf7 31. h4 Bxg6 32. hxg5 h5 33. Bxg6 Kxg6 34. f4 Rf8 35. Qe1 Qd6 36. Qe4+ Rf5 37. c5 Qe6 0-1


[Site "https://www.chess.com"]

[Event "Titled Tuesday Blitz May 03 Late 2022"]
[White "Prohorov, Olexandr"]
[Black "Drygalov, Sergey"]
[WhiteFideId "14105578"]
[BlackFideId "24171743"]
[WhiteElo "1993"]
[BlackElo "2514"]
[Result "0-1"]
[Round "01"]
[TimeControl "180+1"]
[Date "2022.05.03"]
[WhiteClock "0:00:14"]
[BlackClock "0:00:16"]

1. Nf3 d5 2. d4 Nf6 3. c4 c6 4. cxd5 cxd5 5. Nc3 Nc6 6. Bf4 a6 7. e3 Bg4 8. Qb3 Ra7 9. Ne5 e6 10. Rc1 Nxe5 11. Bxe5 Nd7 12. Bg3 Be7 13. Be2 Bxe2 14. Nxe2 O-O 15. O-O b5 16. Nf4 Nb6 17. Nd3 Nc4 18. Qc3 Bd6 19. b3 Bxg3 20. hxg3 Nd6 21. Rc2 h5 22. Rfc1 h4 23. gxh4 Qxh4 24. Qc5 Qe7 25. Ne5 Rb7 26. Nc6 Qc7 27. Ne5 Qxc5 28. Rxc5 a5 29. Rc6 Ne4 30. f3 Ng3 31. Kf2 Nf5 32. Rc7 Rxc7 33. Rxc7 a4 34. g4 axb3 35. axb3 Nd6 36. Ke2 Ra8 37. Kd3 b4 38. Rd7 Ra6 39. Rd8+ Kh7 40. Rb8 f6 41. Nd7 Kg6 42. Rxb4 Ra7 43. Nc5 Kf7 44. Rb6 Ke7 45. Rb8 Ra1 46. b4 Ra3+ 47. Ke2 Nc4 48. e4 dxe4 49. fxe4 Re3+ 50. Kf2 Rc3 51. b5 e5 52. d5 Nd6 53. Rb7+ Nxb7 54. Nxb7 Rb3 55. Nc5 Rxb5 56. Ne6 g6 57. Ke3 Rb3+ 58. Ke2 Kd6 59. Nf8 Rg3 60. Nxg6 Rxg4 61. Nf8 Rxe4+ 62. Kd3 Rd4+ 63. Ke3 f5 64. Ng6 f4+ 0-1


[Site "https://www.chess.com"]

[Event "Titled Tuesday Blitz May 03 Late 2022"]
[White "Przybylski, Wojciech"]
[Black "Jaracz, Pawel"]
[WhiteFideId "1117599"]
[BlackFideId "1102222"]
[WhiteElo "2133"]
[BlackElo "2429"]
[Result "1-0"]
[Round "01"]
[TimeControl "180+1"]
[Date "2022.05.03"]
[WhiteClock "0:00:01"]
[BlackClock "0:00:08"]

1. d4 Nf6 2. Nf3 e6 3. c4 Bb4+ 4. Bd2 a5 5. Qc2 d5 6. e3 O-O 7. Bd3 b6 8. O-O Bb7 9. cxd5 exd5 10. Nc3 Nbd7 11. Rac1 Re8 12. h3 c5 13. Nb5 c4 14. Be2 Ne4 15. Be1 Bc6 16. Nc3 Bxc3 17. Bxc3 b5 18. Be1 b4 19. Nd2 Ndf6 20. f3 Nd6 21. Bf2 Qd7 22. Rfe1 Bb5 23. Nf1 a4 24. g4 a3 25. Ng3 Reb8 26. Rb1 axb2 27. Rxb2 Ra4 28. Qb1 c3 29. Rxb4 c2 30. Qb3 Rxb4 31. Qxb4 Qc7 32. Qd2 Bxe2 33. Nxe2 Rb1 34. Rc1 Rb2 35. Kg2 Nc4 36. Qc3 Rxa2 37. Nf4 Qc6 38. Nd3 Nd7 39. Nb4 Qa4 40. Nxa2 Qxa2 41. Rxc2 Qb1 42. Rc1 Qb5 43. Ra1 g6 44. h4 h6 45. h5 gxh5 46. gxh5 Nf6 47. Rg1 Kh8 48. Qd3 Qd7 49. Kh2 Nxh5 50. Rg4 Ng7 51. Bg3 f5 52. Rh4 Kh7 53. e4 dxe4 54. fxe4 Nd6 55. Bxd6 Qxd6+ 56. e5 Qd5 57. Qg3 Qa2+ 58. Qg2 Qd5 59. Qxd5 1-0


[Site "https://www.chess.com"]

[Event "Titled Tuesday Blitz May 03 Late 2022"]
[White "Quesada Perez, Yuniesky"]
[Black "Nozdrachev, Leonid"]
[WhiteFideId "3504409"]
[BlackFideId "24113433"]
[WhiteElo "2622"]
[BlackElo "2242"]
[Result "1-0"]
[Round "01"]
[TimeControl "180+1"]
[Date "2022.05.03"]
[WhiteClock "0:00:36"]
[BlackClock "0:00:02"]

1. e4 d6 2. d4 Nf6 3. Nc3 e5 4. Nf3 Nbd7 5. Bc4 Be7 6. O-O O-O 7. a4 c6 8. h3 Qc7 9. Re1 Re8 10. dxe5 dxe5 11. Ba2 Bb4 12. Nh4 Bxc3 13. bxc3 Nc5 14. Qf3 Be6 15. Bg5 Nfd7 16. Nf5 Nf8 17. Nxg7 Bxa2 18. Nxe8 Rxe8 19. Rxa2 Nce6 20. Bh6 Ng6 21. Raa1 Qe7 22. g3 Ng5 23. Qf5 Ne6 24. Rad1 Nc5 25. h4 Qe6 26. Qg5 f6 27. Qe3 Nxa4 28. h5 Nh8 29. Qxa7 Nf7 30. Be3 Nxc3 31. Rd3 Nxe4 32. Qxb7 Nfg5 33. Bxg5 Nxg5 34. Red1 e4 35. Rd8 e3 36. Rxe8+ Qxe8 37. Qb3+ Kg7 38. Qxe3 Qxh5 39. Rd7+ Kg6 40. Qd3+ Kh6 41. f4 Nf3+ 42. Kf2 Qh2+ 43. Kxf3 Qh1+ 44. Ke2 Qg2+ 45. Kd1 Qg1+ 46. Kd2 Qf2+ 47. Qe2 Qxg3 48. Rd3 Qxf4+ 49. Qe3 Kg5 50. Qxf4+ Kxf4 51. Rh3 f5 52. Rxh7 Kg3 53. Rc7 f4 54. Rxc6 f3 55. Rf6 Kf2 56. c4 Kg1 57. Rxf3 1-0


[Site "https://www.chess.com"]

[Event "Titled Tuesday Blitz May 03 Late 2022"]
[White "Redzisz, Michal"]
[Black "Yurovskykh, Oleksandr"]
[WhiteFideId "21816107"]
[BlackFideId "14134020"]
[WhiteElo "2014"]
[BlackElo "2292"]
[Result "0-1"]
[Round "01"]
[TimeControl "180+1"]
[Date "2022.05.03"]
[WhiteClock "0:01:00"]
[BlackClock "0:00:16"]

1. Nf3 d5 2. b3 Bg4 3. Bb2 Nf6 4. g3 e6 5. Bg2 c5 6. O-O Nc6 7. d4 Be7 8. dxc5 Bxc5 9. a3 O-O 10. b4 Be7 11. Nbd2 Qc7 12. c4 Rfd8 13. Rc1 a6 14. cxd5 Nxd5 15. Qb3 Rac8 16. h3 Bh5 17. g4 Bg6 18. Ne5 Qb8 19. Nxc6 Rxc6 20. Rxc6 bxc6 21. Nf3 Qb5 22. Nd4 Qb6 23. Qc4 c5 24. Nf5 Bxf5 25. gxf5 cxb4 26. fxe6 fxe6 27. Qg4 Bf6 28. Bxd5 exd5 29. Bxf6 Qxf6 30. axb4 Qe7 31. Rc1 Rb8 32. Rc8+ Rxc8 33. Qxc8+ Kf7 34. Qxa6 Qxb4 35. Qa7+ Qe7 36. Qe3 Qxe3 37. fxe3 Ke6 38. Kf2 Ke5 39. Kf3 Kf5 40. Kg3 g5 41. Kf3 h6 42. Kg3 h5 43. Kf3 Ke5 44. Kg3 Ke4 45. Kf2 g4 46. h4 Ke5 47. Kg3 Kf5 48. Kf2 Ke4 49. Ke1 Kxe3 0-1


[Site "https://www.chess.com"]

[Event "Titled Tuesday Blitz May 03 Late 2022"]
[White "Remizov, Yaroslav"]
[Black "D`Arruda, Ricardo D."]
[WhiteFideId "34134015"]
[BlackFideId "100692"]
[WhiteElo "2386"]
[BlackElo "2421"]
[Result "1-0"]
[Round "01"]
[TimeControl "180+1"]
[Date "2022.05.03"]
[WhiteClock "0:00:08"]
[BlackClock "0:00:02"]

1. Nf3 d5 2. c4 c6 3. e3 Nf6 4. b3 g6 5. Bb2 Bg7 6. Be2 O-O 7. O-O Nbd7 8. d4 Ne4 9. Nbd2 Ndf6 10. Rc1 e6 11. Nxe4 Nxe4 12. Nd2 Nxd2 13. Qxd2 Bd7 14. Qb4 Qb6 15. a3 Qxb4 16. axb4 a6 17. Ra1 Rfe8 18. f4 f5 19. Bc3 Bf8 20. Ra5 Rac8 21. Rfa1 Be7 22. Kf2 h5 23. Ke1 Kf7 24. Kd2 Bd8 25. R5a2 Be7 26. g3 Rc7 27. Kd3 Rcc8 28. h3 Rh8 29. Rg1 Bd6 30. Bf3 Rcd8 31. Be2 Bc8 32. Kc2 Bd7 33. Kb2 Rc8 34. Ka3 Ra8 35. Kb2 Rac8 36. Rg2 Ra8 37. Be1 Rac8 38. b5 cxb5 39. cxb5 axb5 40. Ra7 Bc6 41. Bd3 Ra8 42. Ra5 Rxa5 43. Bxa5 Ra8 44. Bb6 Ra6 45. Bc5 Bxc5 46. dxc5 e5 47. fxe5 Ke6 48. g4 hxg4 49. hxg4 Kxe5 50. gxf5 gxf5 51. Kc3 Ra1 52. Rg5 Bd7 53. Rg7 Bc6 54. Rf7 Rc1+ 55. Kd2 Rxc5 56. b4 Rc4 57. Bxc4 bxc4 58. Re7+ Kd6 59. Rh7 Ke5 60. Rh4 Ba4 61. Kc3 Bc6 62. Rd4 Bd7 63. Rf4 Bc6 64. Rh4 Bb5 65. Rh7 Bc6 66. Re7+ Kd6 67. Rf7 Ke5 68. Kd2 Ke6 69. Rh7 Ke5 70. Ke2 d4 71. exd4+ Kxd4 72. Kd2 c3+ 73. Kc2 Ba4+ 74. Kc1 Kc4 75. Rxb7 Bb5 76. Rf7 Kxb4 77. Rxf5 Ba4 78. Rf4+ Kb5 79. Rg4 Bb3 80. Rf4 Kc5 81. Kb1 Kb5 82. Rd4 Kc5 83. Rd8 Kb4 84. Rb8+ Kc4 85. Rc8+ Kb4 86. Kc1 Ba4 87. Rc7 Bb3 88. Rb7+ Kc4 89. Ra7 Kb4 90. Rh7 Ba4 91. Rh4+ Kb3 92. Kd1 Bb5 93. Rh3 Bc4 94. Kc1 Bb5 95. Rh8 Ba4 96. Rc8 Kb4 97. Rb8+ Kc4 98. Ra8 Kb4 99. Kb1 Kb3 100. Rb8+ Kc4 101. Ka2 c2 102. Kb2 Kc5 103. Rc8+ Kb4 104. Rc7 Kb5 105. Ka3 Kb6 106. Rc3 Kb5 107. Rc8 Ka5 108. Rc5+ Kb6 109. Rc8 Kb5 110. Rc7 Ka5 111. Rc5+ Kb6 112. Kb4 Bb3 113. Rc3 Bd5 114. Rxc2 Bc6 115. Rh2 Bb7 116. Rh6+ Bc6 117. Kc4 Kb7 118. Kc5 Bd7 119. Rh7 Kc7 120. Kd5 Kc8 121. Kd6 Bb5 122. Rc7+ Kb8 123. Rc3 Be8 124. Rf3 Bb5 125. Kc5 Bd7 126. Kb6 Ba4 127. Rf8+ Be8 128. Rxe8# 1-0


[Site "https://www.chess.com"]

[Event "Titled Tuesday Blitz May 03 Late 2022"]
[White "Rengifo Blancas, Renzo Jhonathan"]
[Black "Skliarov, Viktor"]
[WhiteFideId "3807185"]
[BlackFideId "14106736"]
[WhiteElo "2058"]
[BlackElo "2229"]
[Result "0-1"]
[Round "01"]
[TimeControl "180+1"]
[Date "2022.05.03"]
[WhiteClock "0:00:03"]
[BlackClock "0:00:17"]

1. e4 c5 2. c3 d6 3. d4 Nf6 4. Bd3 g6 5. Nf3 Bg7 6. Qe2 O-O 7. h3 a6 8. e5 dxe5 9. dxe5 Nd5 10. O-O Nc6 11. Rd1 Qc7 12. Re1 b5 13. a4 b4 14. c4 Nb6 15. Bf4 Be6 16. Nbd2 Rad8 17. Nb3 Nd7 18. Qe3 Na5 19. Nxa5 Qxa5 20. b3 Nb8 21. Be4 Qb6 22. Ng5 Nc6 23. Bxc6 Qxc6 24. Rad1 Bf5 25. e6 f6 26. Nf7 Rxd1 27. Rxd1 Qxe6 28. Qxe6 Bxe6 29. Nd8 Bf5 30. Nb7 Rc8 31. Rd2 e5 32. Be3 Bf8 33. Nd6 Rc6 34. Nxf5 gxf5 35. Rd8 f4 36. Bc1 Kf7 37. Bb2 Rd6 38. Rc8 Rd1+ 39. Kh2 Rd2 40. Bc1 Rxf2 41. a5 Rc2 42. Rc7+ Be7 43. Bxf4 exf4 44. Rc6 f3 45. Rxa6 Rxg2+ 46. Kh1 Rb2 47. Ra7 Rxb3 48. Rc7 Rb1+ 49. Kh2 f2 0-1


[Site "https://www.chess.com"]

[Event "Titled Tuesday Blitz May 03 Late 2022"]
[White "Richter, Nils"]
[Black "Prieto Aranguren, Alain"]
[WhiteFideId "12990809"]
[BlackFideId "2268906"]
[WhiteElo "2243"]
[BlackElo "2235"]
[Result "1-0"]
[Round "01"]
[TimeControl "180+1"]
[Date "2022.05.03"]
[WhiteClock "0:00:26"]
[BlackClock "0:00:01"]

1. b3 a5 2. Bb2 a4 3. Nf3 e6 4. e3 a3 5. Bc3 c6 6. d4 b5 7. Bd3 b4 8. Bd2 d5 9. O-O Nf6 10. c3 Na6 11. Qe1 bxc3 12. Nxc3 Nb4 13. Bb1 Bd6 14. Na4 Na6 15. Bd3 O-O 16. Rc1 Bd7 17. Qe2 Nb4 18. Bb1 Ne4 19. Nc5 Bxc5 20. dxc5 Na6 21. Bxe4 dxe4 22. Ne5 f6 23. Ba5 Qxa5 24. Nxd7 Rfd8 25. Nb6 Rab8 26. Qc4 Kf7 27. Na4 Rb4 28. Qe2 Rd3 29. Qh5+ Kf8 30. Qxh7 f5 31. Qh8+ Kf7 32. Qa8 Qb5 33. Nc3 Qb7 34. Qxb7+ Rxb7 35. Nb1 Nb4 36. Nxa3 Nxa2 37. Ra1 Rbxb3 38. Nc4 Nb4 39. Ne5+ Kf6 40. Nxd3 exd3 41. Rab1 Rxb1 42. Rxb1 Na6 43. Kf1 e5 44. Ke1 e4 45. Rb6 Nxc5 46. Rxc6+ Ne6 47. Kd2 Ke5 48. f3 g6 49. Ra6 Kd5 50. Ra5+ Nc5 51. Ra8 Kc4 52. Rg8 1-0


[Site "https://www.chess.com"]

[Event "Titled Tuesday Blitz May 03 Late 2022"]
[White "Riff, Vincent"]
[Black "Ovezdurdyyeva, Jemal"]
[WhiteFideId "617776"]
[BlackFideId "14001888"]
[WhiteElo "2377"]
[BlackElo "1946"]
[Result "1-0"]
[Round "01"]
[TimeControl "180+1"]
[Date "2022.05.03"]
[WhiteClock "0:00:27"]
[BlackClock "0:00:24"]

1. e4 d6 2. Nc3 Nf6 3. d4 g6 4. f4 c6 5. Nf3 b5 6. e5 dxe5 7. dxe5 Qxd1+ 8. Nxd1 Nd5 9. c4 Nb4 10. Ne3 bxc4 11. Bxc4 Bh6 12. a3 N4a6 13. Ng4 Bxg4 14. O-O O-O 15. Be3 Nc7 16. Bc5 Re8 17. Ng5 Bxg5 18. fxg5 Be6 19. Be2 Nd7 20. Bd4 Nb5 21. Bf2 Nxe5 22. Rac1 Rac8 23. h3 a6 24. a4 Nc7 25. Bg3 Nd7 26. Rxc6 Nd5 27. Rxc8 Rxc8 28. Bxa6 Ra8 29. Bb5 Nc5 30. Ra1 Ne4 31. Be1 Nxg5 32. a5 Nc7 33. Be2 Bc8 34. Bg3 Na6 35. Be1 Ne6 36. b4 Nd4 37. Bd3 Bd7 38. Bf2 Nb5 39. Rd1 Nxb4 40. Bxg6 fxg6 41. Rxd7 Rxa5 42. Rxe7 Ra1+ 43. Kh2 Nd5 44. Rb7 Nbc3 45. Bd4 Rd1 46. Be5 Re1 47. Bd4 Ne2 48. Be5 Nef4 49. Rb8+ Kf7 50. Rb7+ Ke6 51. Bxf4 Nxf4 52. Rxh7 Re2 53. Kg3 Nxg2 54. Rb7 Ne3 55. Kf3 Re1 56. Rb6+ Kf7 57. Kf2 Nc2 58. Rc6 Rc1 59. h4 Rh1 60. Rc7+ Kf6 61. Rc6+ Kg7 62. Kg3 Nd4 63. Rc7+ Kh6 64. Kg4 Nf5 65. h5 Rxh5 66. Rc8 Rg5+ 67. Kf4 Rh5 68. Rh8+ Kg7 69. Rxh5 g5+ 70. Kxf5 1-0


[Site "https://www.chess.com"]

[Event "Titled Tuesday Blitz May 03 Late 2022"]
[White "Ronka, Erik"]
[Black "Xiong, Jeffery"]
[WhiteFideId "505080"]
[BlackFideId "2047640"]
[WhiteElo "2264"]
[BlackElo "2727"]
[Result "0-1"]
[Round "01"]
[TimeControl "180+1"]
[Date "2022.05.03"]
[WhiteClock "0:00:10"]
[BlackClock "0:00:26"]

1. e4 c6 2. d4 d5 3. Nd2 dxe4 4. Nxe4 Nf6 5. Nxf6+ exf6 6. c3 Bd6 7. Bd3 O-O 8. Qc2 Re8+ 9. Ne2 h5 10. O-O Qc7 11. h3 Be6 12. Be3 Nd7 13. c4 Rad8 14. Rad1 Nf8 15. Rfe1 g6 16. Nc3 f5 17. d5 cxd5 18. Nb5 Qd7 19. Nxd6 Qxd6 20. c5 Qc7 21. Bd4 Bd7 22. Qd2 f4 23. b4 Rxe1+ 24. Rxe1 Re8 25. Rxe8 Bxe8 26. Qe2 Ne6 27. Be5 Qd8 28. Bb2 Qg5 29. h4 Qxh4 30. Qe5 d4 31. Bxg6 f3 32. Bxd4 Qxd4 33. Qxd4 Nxd4 34. Be4 Bc6 0-1


[Site "https://www.chess.com"]

[Event "Titled Tuesday Blitz May 03 Late 2022"]
[White "Rosen, Eric"]
[Black "Weber, Samuel"]
[WhiteFideId "2032562"]
[BlackFideId "12924008"]
[WhiteElo "2362"]
[BlackElo "2215"]
[Result "1-0"]
[Round "01"]
[TimeControl "180+1"]
[Date "2022.05.03"]
[WhiteClock "0:00:17"]
[BlackClock "0:01:10"]

1. d4 Nf6 2. Bf4 e6 3. e3 d5 4. Nf3 Bd6 5. Ne5 O-O 6. Nd2 b6 7. h4 Ba6 8. Bxa6 Nxa6 9. h5 c5 10. c3 cxd4 11. exd4 Bxe5 12. Bxe5 Nd7 13. Bd6 Re8 14. Qe2 Nc7 15. Nf3 Nf6 16. Bf4 Ne4 17. h6 g6 18. Nd2 Nxd2 19. Kxd2 f6 20. Rae1 Rc8 21. g4 Qd7 22. g5 fxg5 23. Bxg5 Rf8 24. f4 Rf5 25. Kc1 Kf7 26. Kb1 Nb5 27. Rh3 Nd6 28. Re3 Ne4 29. Qa6 b5 30. a3 Rc4 31. b3 Rxc3 32. Rxc3 Nxc3+ 33. Kb2 Ne4 34. Rc1 Nxg5 35. Qa5 Qd6 36. Rc7+ Kf6 37. fxg5+ Rxg5 38. Rc2 Qf4 39. Qd8+ Kf5 40. Qf8+ Ke4 41. Re2+ Qe3 42. Rxe3+ Kxe3 43. Qe7 Rg2+ 44. Kc3 g5 45. Qxe6+ Kf4 46. Qf7+ Ke3 47. Qxh7 g4 48. Qe7+ Kf2 49. Qf6+ Kg1 50. h7 Rg3+ 51. Kb4 Rh3 52. h8=Q a5+ 53. Kxa5 Rxh8 54. Qxh8 g3 55. Qg7 g2 56. Kxb5 Kf1 57. Qxg2+ Kxg2 58. Kc5 Kf2 59. Kxd5 Ke3 60. b4 Kd3 61. b5 Kc3 62. b6 Kb3 63. b7 Kxa3 64. b8=Q Ka4 65. Kc4 Ka5 66. Qa7# 1-0


[Site "https://www.chess.com"]

[Event "Titled Tuesday Blitz May 03 Late 2022"]
[White "Roux, Baptiste"]
[Black "Vypkhaniuk, Ihor"]
[WhiteFideId "36017450"]
[BlackFideId "14112256"]
[WhiteElo "1935"]
[BlackElo "2346"]
[Result "0-1"]
[Round "01"]
[TimeControl "180+1"]
[Date "2022.05.03"]
[WhiteClock "0:00:05"]
[BlackClock "0:00:41"]

1. e4 d5 2. exd5 Nf6 3. d4 Bg4 4. Bb5+ Nbd7 5. Ne2 Nxd5 6. O-O e6 7. c4 Nf6 8. Nbc3 c6 9. Ba4 Bd6 10. f3 Bf5 11. Bc2 Bg6 12. Bf4 Qc7 13. Bxd6 Qxd6 14. Ng3 O-O 15. Nge4 Qb4 16. Nxf6+ Nxf6 17. Bxg6 hxg6 18. Qb3 Qd6 19. Rad1 Rab8 20. Ne4 Qe7 21. Rfe1 Rfd8 22. c5 Nxe4 23. fxe4 e5 24. Qc4 exd4 25. Rxd4 Rxd4 26. Qxd4 Rd8 27. Qc4 Qe5 28. Rf1 Qd4+ 29. Qxd4 Rxd4 30. Rf2 Rxe4 31. Rd2 Rc4 32. Rd8+ Kh7 33. Rd7 Rxc5 34. Rxb7 Ra5 35. a3 f6 36. Kf2 Kh6 37. Rc7 Rb5 38. b4 a5 39. bxa5 Rxa5 40. Rxc6 Rxa3 41. h3 g5 42. Kg1 Kg6 43. Kh2 Kf5 44. Rc5+ Kg6 45. Rb5 Ra4 46. Rb6 Re4 47. Rb5 Re5 48. Rb6 Kf5 49. Kg3 Re3+ 50. Kf2 Rc3 51. Rb5+ Kg6 52. Rb7 Rc6 53. Kg3 f5 54. Kh2 Rc4 55. Rb6+ Kh5 56. Rb7 Kg6 57. Rb6+ Kh5 58. Rb7 Kh6 59. Rb6+ g6 60. Rb8 g4 61. hxg4 Rxg4 62. Kh3 Kg5 63. Rb6 Ra4 64. Rb5 Ra3+ 65. Kh2 Ra2 66. Kg3 Ra3+ 67. Kh2 Kh5 68. Rb8 Kg4 69. Rb4+ f4 70. Rb2 g5 71. Rc2 Re3 72. Rb2 Re6 73. Rc2 Re3 74. Rb2 Re7 75. Rc2 Rh7+ 76. Kg1 Ra7 77. Kh2 Kh4 78. Rb2 g4 79. Rb1 Ra2 80. Kg1 Kg3 81. Kh1 Rc2 82. Ra1 Re2 83. Rb1 f3 84. Rg1 f2 85. Rf1 Re5 86. Ra1 Rh5# 0-1


[Site "https://www.chess.com"]

[Event "Titled Tuesday Blitz May 03 Late 2022"]
[White "Rustemov, Alexander"]
[Black "Avalos Parra, Joao"]
[WhiteFideId "4119002"]
[BlackFideId "3402541"]
[WhiteElo "2718"]
[BlackElo "2173"]
[Result "1-0"]
[Round "01"]
[TimeControl "180+1"]
[Date "2022.05.03"]
[WhiteClock "0:00:53"]
[BlackClock "0:00:09"]

1. d4 d5 2. c4 e6 3. Nc3 a6 4. cxd5 exd5 5. Nf3 Nf6 6. Bg5 Be7 7. e3 c6 8. Bd3 Nbd7 9. Qc2 Nf8 10. O-O Ne6 11. Bh4 g6 12. Ne5 O-O 13. h3 Ng7 14. g4 Nd7 15. Bg3 Bh4 16. Ne2 Bxg3 17. Nxg3 Nxe5 18. dxe5 Qh4 19. Kg2 h5 20. f3 Re8 21. Qc3 Qg5 22. f4 Qh4 23. Rh1 hxg4 24. hxg4 Qxg4 25. Be2 Qe6 26. Rh6 Nh5 27. Rh1 Kg7 28. Nxh5+ Kxh6 29. Nf6+ Kg7 30. Rh7+ Kf8 31. Qc5+ Qe7 32. Rh8+ Kg7 33. Nxe8+ 1-0


[Site "https://www.chess.com"]

[Event "Titled Tuesday Blitz May 03 Late 2022"]
[White "Sanchez, Robert"]
[Black "Rytenko, Vsevolod"]
[WhiteFideId "2034360"]
[BlackFideId "14133040"]
[WhiteElo "2432"]
[BlackElo "2120"]
[Result "0-1"]
[Round "01"]
[TimeControl "180+1"]
[Date "2022.05.03"]
[WhiteClock "0:02:03"]
[BlackClock "0:01:51"]

1. e4 c5 2. Nf3 d6 3. d4 cxd4 4. Nxd4 Nf6 5. Nc3 Nc6 6. f3 e5 7. Nb3 Be6 8. Be3 Be7 9. Qd2 d5 10. exd5 Nxd5 11. Nxd5 Qxd5 12. Qxd5 Bxd5 13. O-O-O Be6 14. Nc5 Bc8 15. Bb5 O-O 16. Nxb7 Bxb7 17. Rd7 Bc8 18. Rc7 Nd4 19. Rxe7 Nxb5 20. Rxe5 Nc7 21. Bc5 Rd8 22. Rhe1 Ne6 23. Ba3 Bb7 24. b3 Rac8 25. c4 Nf4 0-1


[Site "https://www.chess.com"]

[Event "Titled Tuesday Blitz May 03 Late 2022"]
[White "Sebag, Marie"]
[Black "Ibarra Jerez, Jose Carlos"]
[WhiteFideId "617822"]
[BlackFideId "2226332"]
[WhiteElo "2440"]
[BlackElo "2626"]
[Result "1/2-1/2"]
[Round "01"]
[TimeControl "180+1"]
[Date "2022.05.03"]
[WhiteClock "0:00:03"]
[BlackClock "0:00:11"]

1. e4 c5 2. Nc3 a6 3. g3 b5 4. Bg2 Bb7 5. Nge2 e6 6. O-O Nf6 7. d3 d6 8. f4 Nbd7 9. h3 h5 10. Be3 Qc7 11. a3 Be7 12. d4 b4 13. axb4 cxb4 14. e5 Bxg2 15. exf6 Bxf1 16. fxe7 Bxh3 17. Ne4 Qc6 18. d5 Qxd5 19. Qxd5 exd5 20. Nxd6+ Kxe7 21. Nb7 Rhc8 22. Nd4 Nc5 23. Nxc5 Rxc5 24. Nf5+ Bxf5 25. Bxc5+ Ke6 26. Re1+ Kf6 27. Bxb4 Bxc2 28. Bc3+ Kg6 29. Re5 f6 30. Rxd5 Be4 31. Ra5 Bb7 32. Kf2 Rd8 33. Rc5 Rd1 34. f5+ Kh6 35. Rc7 Be4 36. Ra7 Bxf5 37. Rxa6 Be4 38. Ra4 Bc6 39. Rd4 Rh1 40. Rd6 Be4 41. Rd4 Bb7 42. Rd7 Bc6 43. Rd6 Rh2+ 44. Ke3 Bh1 45. b4 Rh3 46. Kf2 h4 47. Rd3 Be4 48. Re3 Rh2+ 49. Kf1 h3 50. Rxe4 Rc2 51. Rh4+ Kg5 52. Rxh3 Rxc3 53. Kg2 Rc4 54. Rh7 g6 55. Rh4 Rc2+ 56. Kh3 Rb2 57. Rd4 f5 58. Rc4 Rb3 59. Kg2 Kf6 60. Kf2 Ke5 61. Rc6 g5 62. Rc5+ Ke4 63. Rc4+ Kd5 64. Rc5+ Ke6 65. Rc6+ Ke5 66. Rc5+ Kf6 67. Rc6+ Kg7 68. Rc5 Kg6 69. b5 Ra3 70. b6 Rb3 71. Rc6+ Kh5 72. Rc5 Kg4 73. Rc4+ Kh3 74. Rc5 Rb2+ 75. Kf1 Kxg3 76. Rxf5 Rb1+ 77. Ke2 g4 78. Rf6 Kg2 79. Kd3 g3 80. Kc4 Kg1 81. Kc5 g2 82. Rg6 Rc1+ 83. Kb5 Rb1+ 84. Kc6 Kf2 85. b7 Rc1+ 86. Kb6 Rb1+ 87. Ka7 Ra1+ 88. Kb8 Ra6 89. Rxg2+ Kxg2 90. Kc7 Ra7 91. Kc8 Rxb7 92. Kxb7 1/2-1/2


[Site "https://www.chess.com"]

[Event "Titled Tuesday Blitz May 03 Late 2022"]
[White "Sernecki, Franciszek"]
[Black "Stanisz, Patryk"]
[WhiteFideId "1169297"]
[BlackFideId "1123106"]
[WhiteElo "2165"]
[BlackElo "1833"]
[Result "1-0"]
[Round "01"]
[TimeControl "180+1"]
[Date "2022.05.03"]
[WhiteClock "0:00:29"]
[BlackClock "0:00:01"]

1. d4 d5 2. c4 c6 3. Nf3 Nf6 4. Nc3 e6 5. e3 Nbd7 6. Bd3 dxc4 7. Bxc4 b5 8. Bd3 b4 9. Ne4 c5 10. dxc5 Bxc5 11. Nxc5 Nxc5 12. Bb5+ Ke7 13. Qe2 a6 14. Bc4 Bb7 15. O-O Qb6 16. b3 Nce4 17. Bb2 Rhd8 18. Bd4 Qa5 19. Rfc1 Kf8 20. Qb2 Qh5 21. Be2 Ng4 22. Bxg7+ Kg8 23. Be5 Nexf2 24. Bg3 Ne4 25. Ne5 Rd2 26. Bxg4 Qxg4 27. Qxd2 Qxg3 28. hxg3 Nxd2 29. Rc7 Bd5 30. Nxf7 Ne4 31. Nh6+ Kh8 32. Rf1 Re8 33. Rff7 1-0


[Site "https://www.chess.com"]

[Event "Titled Tuesday Blitz May 03 Late 2022"]
[White "Shimanov, Aleksandr"]
[Black "Atanasov, Anthony"]
[WhiteFideId "4198603"]
[BlackFideId "2623897"]
[WhiteElo "2636"]
[BlackElo "1928"]
[Result "1-0"]
[Round "01"]
[TimeControl "180+1"]
[Date "2022.05.03"]
[WhiteClock "0:01:58"]
[BlackClock "0:00:04"]

1. e4 e5 2. Nf3 Nf6 3. Nc3 Nc6 4. h3 d5 5. exd5 Nxd5 6. Bb5 Nxc3 7. bxc3 Bd6 8. O-O O-O 9. Re1 Re8 10. d4 exd4 11. Rxe8+ Qxe8 12. cxd4 a6 13. Bf1 Bf5 14. c4 Rd8 15. Bb2 Qe4 16. Qb3 Na5 17. Qc3 Qc2 18. Re1 Qxc3 19. Bxc3 Nc6 20. d5 Bb4 21. dxc6 Bxc3 22. Re3 Ba5 23. Re5 1-0


[Site "https://www.chess.com"]